 Dungeon Crawl Stone Soup version 0.29.1-15-g9cfb28693d (webtiles) character file.

Game seed: 2062677142579285765

4204127 playerpeter1231 the Conqueror (level 27, 199/199 HPs)
             Began as a Gargoyle Monk on Apr 4, 2023.
             Was the Champion of Jiyva.
             Escaped with the Orb
             ... and 5 runes on Apr 7, 2023!
             The game lasted 05:04:25 (47042 turns).

playerpeter1231 the Conqueror (Gargoyle Monk)      Turns: 47042, Time: 05:04:26

Health: 199/199    AC: 61    Str: 34    XL:     27
Magic:  39/39      EV: 15    Int: 10    God:    Jiyva [******]
Gold:   3667       SH:  0    Dex: 24    Spells: 50/50 levels left

rFire   + + +      SeeInvis .   a - +7 great mace of the Walnut {holy, Dex+4}
rCold   + + +      Faith    .   (shield currently unavailable)
rNeg    + + .      Spirit   +   X - +7 gold dragon scales
rPois   ∞          Reflect  .   (helmet restricted)
rElec   +          Harm     .   A - scarf {rC+ rF+}
rCorr   +          Rampage  .   c - +2 pair of gloves
Will    ++...                   M - +4 pair of boots of Wu Jian's Regard {Str+8 Stlth+}
Stlth   ..........              I - amulet "Orphaonux" {Spirit rF+ Regen+ Str+2}
HPRegen 3.63/turn               K - ring "Ischi" {AC+4 Str+4}
MPRegen 0.76/turn               Z - ring "Seerhe" {rC+ rN+ Dex+2}

@: flying, studying Long Blades
A: sickness immunity, AC +20, big wings, negative energy resistance 1,
electricity resistance, torment resistance 1, petrification resistance, beak,
cold resistance 2, deformed body, deterioration 1, dopey 1, regeneration 1,
screaming 1, weak 1, eyeballs 1, pseudopods 3, translucent skin 1, jelly
absorbing missiles, sturdy frame 1
0: Orb of Zot
}: 5/15 runes: barnacled, slimy, silver, abyssal, gossamer
a: Renounce Religion, Oozemancy, Slimify


You escaped.
You worshipped Jiyva.
Jiyva was exalted by your worship.
You visited 10 branches of the dungeon, and saw 52 of its levels.
You visited the Abyss 2 times.
You visited 1 bazaar.
You also visited: Sewer, Bailey and Ice Cave.

You collected 5628 gold pieces.
You spent 1961 gold pieces at shops.

Inventory:

Hand Weapons
 a - the +7 great mace of the Walnut (weapon) {holy, Dex+4}
   (You took it off a deep elf annihilator on level 3 of the Elven Halls)

   It has been blessed by the Shining One to cause great damage to the undead
   and demons.
   Dex:       It affects your dexterity (+4).
 b - the +9 heavy crossbow "Sniper" {vorpal, Acc+∞ SInv}
   (You acquired it on level 5 of the Realm of Zot)

   Any ammunition fired from it inflicts extra damage upon your enemies.
   Any ammunition fired from it never misses its target.
   SInv:      It lets you see invisible.
 f - a +1 vorpal executioner's axe
 g - a +8 flail
 i - a +6 great mace of draining
 o - the +6 arbalest "Damnation" {damnation}
   (You found it on level 5 of the Pits of Slime)

   Any ammunition fired from it explodes in a burst of damnation on striking a
   foe, dealing damage which bypasses armour.
 y - the +4 great sword "Loneduwu" {drain, Str+4}
   (You found it on level 2 of the Orcish Mines)

   A truly terrible weapon, it drains the life of any living foe it strikes.
   Str:       It affects your strength (+4).
Missiles
 m - 5 throwing nets
 F - 4 silver javelins
 H - 9 silver boomerangs
Armour
 c - a +2 pair of gloves (worn)
 A - a scarf of resistance (worn)
 M - the +4 pair of boots of Wu Jian's Regard (worn) {Str+8 Stlth+}
   (You found it on level 4 of the Depths)

   Str:       It affects your strength (+8).
   Stlth:     It makes you more stealthy.
 X - +7 gold dragon scales (worn)
Jewellery
 I - the amulet "Orphaonux" (around neck) {Spirit rF+ Regen+ Str+2}
   (You found it on level 8 of the Dungeon)

   [amulet of guardian spirit]

   It causes incoming damage to be divided between your reserves of health and
   magic.
   Str:       It affects your strength (+2).
   rF:        It protects you from fire.
   Regen:     It increases your rate of health regeneration.
 K - the ring "Ischi" (left hand) {AC+4 Str+4}
   (You took it off a gnoll on level 6 of the Dungeon)

   [ring of protection]

   AC:        It affects your AC (+4).
   Str:       It affects your strength (+4).
 V - an amulet of guardian spirit
 Y - the amulet "Jyser" {Acrobat Dex+6}
   (You found it on level 5 of the Pits of Slime)

   [amulet of the acrobat]

   It increases your evasion while moving and waiting.
   Dex:       It affects your dexterity (+6).
 Z - the ring "Seerhe" (right hand) {rC+ rN+ Dex+2}
   (You found it on level 5 of the Pits of Slime)

   [ring of protection from cold]

   Dex:       It affects your dexterity (+2).
   rC:        It protects you from cold.
   rN:        It protects you from negative energy.
Wands
 q - a wand of flame (47)
 v - a wand of light (14)
 z - a wand of paralysis (23)
 C - a wand of digging (11)
 G - a wand of polymorph (13)
 N - a wand of roots (25) (quivered)
Scrolls
 d - 3 scrolls of brand weapon
 e - 10 scrolls of identify
 t - 3 scrolls of blinking
 B - 2 scrolls of teleportation
 O - 3 scrolls of summoning
 P - 6 scrolls of immolation
 Q - 6 scrolls of amnesia
 R - 4 scrolls of silence
 S - 4 scrolls of poison
 T - 4 scrolls of torment
Potions
 h - 12 potions of heal wounds
 j - 14 potions of curing
 l - 10 potions of attraction
 n - 3 potions of haste
 r - 9 potions of brilliance
 s - 4 potions of resistance
 u - 7 potions of mutation
 w - 7 potions of lignification
 x - 4 potions of might
 D - a potion of ambrosia
 E - a potion of magic
 U - 2 potions of cancellation
 W - 3 potions of invisibility
Miscellaneous
 k - a condenser vane
 p - a piece from Xom's chessboard (15/15)
 J - a tin of tremorstones (2/2)
 L - a box of beasts


   Skills:
 O Level 27 Fighting
 - Level 2.6(12.5) Axes
 - Level 19.9(20.0) Maces & Flails
 - Level 2.4(3.0) Polearms
 * Level 24.3 Ranged Weapons
 + Level 25.2 Armour
 + Level 9.3 Dodging
 - Level 2.1 Stealth
 - Level 12.2 Spellcasting


You had 50 spell levels left.
You didn't know any spells.
Your spell library contained the following spells:

 Spells                   Type           Power      Damage    Failure   Level
 Beastly Appendage        Tmut           12%        N/A       38%         1
 Magic Dart               Conj           24%        1d4       38%         1
 Sandblast                Erth           12%        2d6       38%         1
 Shock                    Conj/Air       24%        1d4       38%         1
 Slow                     Hex            24%        N/A       38%         1
 Sting                    Tmut/Pois      24%        1d4       38%         1
 Blink                    Tloc           12%        N/A       54%         2
 Call Imp                 Summ           6%         N/A       54%         2
 Ensorcelled Hibernation  Hex/Ice        12%        N/A       54%         2
 Passwall                 Tmut/Erth      5%         N/A       54%         2
 Poisonous Vapours        Pois/Air       12%        N/A       54%         2
 Searing Ray              Conj           12%        2d4       54%         2
 Wereblood                Tmut           6%         N/A       54%         2
 Call Canine Familiar     Summ           6%         N/A       77%         3
 Confusing Touch          Hex            6%         N/A       77%         3
 Frozen Ramparts          Ice            12%        1d2       77%         3
 Gell's Gravitas          Tloc           6%         N/A       77%         3
 Ignite Poison            Fire/Tmut/Pois 6%         N/A       77%         3
 Mephitic Cloud           Conj/Pois/Air  6%         N/A       77%         3
 Portal Projectile        Hex/Tloc       12%        N/A       77%         3
 Spider Form              Tmut/Pois      6%         N/A       77%         3
 Stone Arrow              Conj/Erth      12%        3d7       77%         3
 Swiftness                Air            6%         N/A       77%         3
 Teleport Other           Tloc           6%         N/A       77%         3
 Vampiric Draining        Necr           6%         2d6       77%         3
 Airstrike                Air            3%         2d(1-17)  99%         4
 Anguish                  Hex/Necr       3%         N/A       99%         4
 Animate Armour           Summ/Erth      12%        N/A       99%         4
 Cause Fear               Hex            3%         N/A       99%         4
 Corpse Rot               Necr/Pois/Air  6%         N/A       99%         4
 Dispel Undead            Necr           6%         3d8       99%         4
 Fulminant Prism          Conj/Hex       3%         3d6       99%         4
 Hailstorm                Conj/Ice       6%         3d4       99%         4
 Ice Form                 Ice/Tmut       6%         N/A       99%         4
 Leda's Liquefaction      Hex/Erth       3%         N/A       99%         4
 Olgreb's Toxic Radiance  Pois           6%         N/A       99%         4
 Petrify                  Tmut/Erth      6%         N/A       99%         4
 Summon Ice Beast         Ice/Summ       6%         N/A       99%         4
 Fireball                 Conj/Fire      3%         3d4       100%        5
 Freezing Cloud           Conj/Ice/Air   3%         6-21      100%        5
 Lee's Rapid Deconstruct  Erth           3%         3d6*      100%        5
 Manifold Assault         Tloc           6%         N/A       100%        5
 Summon Forest            Summ/Tloc      3%         N/A       100%        5
 Summon Mana Viper        Hex/Summ       6%         N/A       100%        5
 Death Channel            Necr           3%         N/A       100%        6
 Dispersal                Tloc           3%         N/A       100%        6
 Eringya's Noxious Bog    Tmut/Pois      3%         N/A       100%        6
 Simulacrum               Ice/Necr       3%         N/A       100%        6
 Starburst                Conj/Fire      3%         6d3       100%        6
 Summon Cactus Giant      Summ           3%         N/A       100%        6
 Enfeeble                 Hex            3%         N/A       100%        7
 Haunt                    Necr/Summ      3%         N/A       100%        7
 Ozocubu's Refrigeration  Ice            3%         4d8       100%        7
 Storm Form               Tmut/Air       3%         N/A       100%        7
 Ignition                 Fire           3%         3d4       100%        8
 Lehudib's Crystal Spear  Conj/Erth      3%         10d2      100%        8


Dungeon Overview and Level Annotations

Branches:
Dungeon (15/15)            Temple (0/1) D:7            Lair (5/5) D:10
 Shoals (4/4) Lair:3       Spider (4/4) Lair:3        Slime (5/5) Lair:5
    Orc (2/2) D:12            Elf (3/3) Orc:2        Vaults (5/5) D:14
  Crypt (0/3) Vaults:3     Depths (4/4) D:15            Zot (5/5) Depths:4
  Sewer (visited)          Bailey (visited)           IceCv (visited)

Altars:
Ashenzari
Cheibriados
Gozag
Hepliaklqana
Kikubaaqudgha
Makhleb
Okawaru
Qazlal
Trog
Vehumet
Wu Jian
Xom
Zin
Jiyva

Shops:
D:10 [   Orc:1 [   Orc:2 ([(!   Shoals:1 (   Vaults:3 =   Vaults:5 [*?!(
Depths:1 **=*(=   Depths:3 (

Portals:
Hell: Depths:1 Depths:2 Depths:3 Depths:4
Abyss: Depths:1 Depths:3
Pandemonium: Depths:2
Ziggurat: Depths:1

Annotations:
Shoals:4 Mara
Slime:5 Royal Jelly


Innate Abilities, Weirdness & Mutations

You are immune to sickness and miasma.
Your stone body is resilient. (AC +20)
You are immune to poison.
Your large and strong wings let you fly.
You resist negative energy. (rN+)
You are resistant to electric shocks. (rElec)
You are resistant to unholy torment.
You are immune to petrification.
You have a beak for a mouth.
Your flesh is very cold resistant. (rC++)
Armour fits poorly on your strangely shaped body.
Your body sometimes deteriorates upon taking damage.
You are dopey. (Int -2)
Your natural rate of healing is unusually fast.
You occasionally shout uncontrollably at your foes.
You are weak. (Str -2)
Your body has grown eyes which may confuse attackers. (Acc +3)
Armour fits poorly on your massive pseudopods.
Your translucent skin slightly reduces your foes' accuracy. (Stealth+)
You have a small jelly attached to you that may absorb projectiles.
Your movements are slightly less encumbered by armour. (ER -2)


Message History

Faton blinks!
There is a stone staircase leading up here.
The red devil hits you with a +0 trident.
Barbed spikes become lodged in your body.
The barbed spikes dig painfully into your body as you move.
You fly upwards.
There is a stone staircase leading down here.
You flatten the red devil like a pancake!!!
You kill the red devil!
The barbs in your skin will harm you if you move.
Continue?
Okay, then.
You start resting.
HP restored.
You hear a slurping noise.
You start resting.
You carefully extract the barbed spikes from your body.
A reaper comes into view. It is wielding a +2 scythe of freezing.
You swap places.
There is a stone staircase leading up here.
You fly upwards.
There is a stone staircase leading down here.
There is a stone staircase leading up here.
You fly upwards.
There is a stone staircase leading down here.
You swap places.
There is a stone staircase leading up here.
You fly upwards.
There is a stone staircase leading down here.
There is a stone staircase leading up here.
You fly upwards.
There is a stone staircase leading down here.
There is a stone staircase leading up here.
You fly upwards.
There is a stone staircase leading down here.
There is a stone staircase leading up here.
You fly upwards.
There is a stone staircase leading down here.
There is an open door here.
There is a staircase leading out of the dungeon here.
You can't go down here!
You have escaped!

#.##.....# #...# #.##.....#
###.## ###########.##.8.8.#
#..# ............>#.....#
##.#
##.#.#########.....########.#
#.#.# #..8.8..+....^..#
#.#.## ##.....##########
#.#..# #8.....8# ##.##.#
#...@...# .#.##.## #########
.#.##..# .#.###.# .#.#
#.########### ##.#
#...........#
##.###.#########.#
.#.##..#....)..#.#
.#.....#.#######.####


There were no monsters in sight!

Vanquished Creatures
  7 dread liches (Zot:5)
  5 orbs of fire (Zot:5)
  A juggernaut (Depths:4)
  4 ancient liches (Zot:5)
  Sojobo (Depths:1)
  Boris (Vaults:3)
  6 Killer Klowns (Zot:5)
  Saint Roka (Elf:2)
  13 caustic shrikes
  4 curse toes
  The ghost of Roucay the Warrior, an adept DgCj (Depths:3)
  9 golden dragons
  A bone dragon (Depths:4)
  3 electric golems
  Rupert (D:14)
  14 tentacled monstrosities
  4 liches
  A Hell Sentinel (Depths:3)
  2 walking crystal tomes (Depths:3)
  A walking divine tome (Zot:3)
  2 deep elf blademasters (Elf:3)
  26 Orb Guardians
  11 titans
  6 quicksilver dragons
  2 deep elf master archers (Elf:3)
  2 krakens (Shoals:2)
  6 death cobs
  4 sphinxes
  An Executioner (Abyss:3)
  3 tentacled starspawn
  8 tengu reavers
  4 shadow dragons
  Kirke (D:12)
  4 draconian monks
  13 storm dragons
  5 narguns (Zot:3)
  A daeva (Zot:3)
  8 fire giants
  4 draconian knights
  7 draconian scorchers
  9 frost giants
  22 vault wardens
  Aizul (Elf:1)
  7 emperor scorpions
  8 deep elf sorcerers
  A cacodemon (Depths:3)
  2 iron dragons
  An orc warlord (Orc:2)
  2 balrugs
  3 draconian shifters
  2 spriggan defenders
  A caustic shrike zombie (D:15)
  A draconian annihilator (Zot:3)
  5 ghost moths
  3 deep elf elementalists (Elf:3)
  9 draconian stormcallers
  An angel (Zot:3)
  A reaper (Abyss:3)
  6 war gargoyles
  14 ironbound preservers
  13 stone giants
  25 very ugly things
  12 green draconians
  6 black draconians
  3 vampire knights (Depths:3)
  A lorocyproca (Depths:3)
  8 ironbound thunderhulks
  9 deep elf annihilators
  4 deep elf demonologists
  6 dire elephants (Vaults:1)
  12 white draconians
  6 entropy weavers
  9 purple draconians
  4 red draconians
  6 yellow draconians
  7 spark wasps
  9 deep elf death magi
  Snorg (Orc:2)
  13 ettins
  3 merfolk javelineers
  16 fire dragons
  A green death (Depths:3)
  8 merfolk impalers
  12 yaktaur captains
  A hell beast (Zot:2)
  4 deep elf high priests
  6 boulder beetles
  5 hydras
  6 ice dragons
  27 vault guards
  3 caustic shrike simulacra (IceCv)
  5 spriggan air magi
  9 centaur warriors
  2 radroaches (Spider:4)
  2 ogre magi
  3 merfolk aquamancers
  3 catoblepae
  10 ironbound frosthearts
  An alligator snapping turtle (Shoals:4)
  2 merfolk avatars
  12 two-headed ogres
  A death knight (D:14)
  5 deep troll earth magi
  2 satyrs
  8 death yaks
  9 deep troll shamans
  4 orc high priests (Orc:2)
  6 tengu warriors
  3 vampire magi
  37 dancing weapons
  5 spriggan berserkers
  17 deep elf knights
  Urug (D:14)
  4 sun demons
  18 hell knights (Depths:3)
  Sonja (Lair:5)
  A storm dragon zombie (Vaults:3)
  4 sun moths
  6 iron trolls
  8 skeletal warriors
  6 large abominations (Abyss:3)
  A sixfirhy (Abyss:5)
  A wretched star (Abyss:3)
  3 shadow wraiths
  5 pharaoh ants
  5 steelbarb worms
  52 deep trolls
  10 sea snakes
  A cherub (Zot:3)
  13 deep elf archers
  4 obsidian statues (Depths:2)
  13 orb spiders
  2 orange crystal statues (IceCv)
  A deep troll (shapeshifter) (Depths:2)
  14 ironbound convokers
  10 lindwurms
  5 wizards
  25 harpies
  A shadow demon (Depths:4)
  28 deep elf zephyrmancers
  A golden dragon skeleton (Depths:3)
  6 necromancers
  4 phantasmal warriors
  15 wolf spiders
  A stone giant zombie (D:15)
  A tengu skeleton (Depths:3)
  24 deep elf pyromancers
  6 orc knights
  5 orc sorcerers
  A will-o-the-wisp (Abyss:3)
  49 ugly things
  9 manticores
  7 cyclopes
  An oklob plant (Lair:5)
  17 fauns
  An iron dragon zombie (Depths:3)
  25 moths of wrath
  2 smoke demons
  7 merfolk sirens
  2 fire giant skeletons (Vaults:3)
  A frost giant skeleton (Vaults:3)
  4 black mambas
  2 rust devils (Depths:3)
  9 water nymphs
  17 vault sentinels
  2 human skeletons (Vaults:3)
  An orange demon (Abyss:3)
  2 molten gargoyles (Depths:2)
  An ice statue (Elf:2)
  Maggie (D:6)
  9 cane toads
  2 rime drakes
  A rime drake (shapeshifter) (Elf:1)
  An elf skeleton (Vaults:3)
  3 torpor snails
  Psyche (D:8)
  A spriggan skeleton (D:15)
  3 kobold demonologists (D:12)
  5 demonic crawlers
  A hellion (Abyss:3)
  2 unseen horrors
  An ice devil (Depths:4)
  9 freezing wraiths
  A golden dragon simulacrum (IceCv)
  3 efreet
  44 yaktaurs
  A yaktaur skeleton (Vaults:3)
  4 tengu conjurers
  A silent spectre (Abyss:5)
  A hellwing (Depths:3)
  5 ancient zymes
  20 merfolk
  10 komodo dragons
  2 red devils
  5 trolls
  A tyrant leech (shapeshifter) (Depths:2)
  4 polar bears
  A wind drake (shapeshifter) (Depths:2)
  A tengu simulacrum (Depths:3)
  22 tarantellas
  18 hornets
  7 wind drakes
  7 dream sheep
  An ettin zombie (Vaults:3)
  12 blink frogs
  13 raiju
  29 jumping spiders
  4 snapping turtles
  A spriggan zombie (D:15)
  3 ettin skeletons
  2 dire elephant simulacra (IceCv)
  17 spriggans
  Sigmund (D:6)
  8 air elementals
  30 water elementals
  23 culicivoras
  2 vampires
  41 yaks
  5 ynoxinuls
  A hog (shapeshifter) (Depths:4)
  3 wraiths
  A shadow (D:11)
  A spriggan (shapeshifter) (Elf:1)
  A wyvern (Lair:4)
  A hog (D:12)
  13 humans (D:14)
  4 vampire mosquitoes (D:14)
  8 fire elementals
  Grum (D:11)
  5 basilisks
  44 redbacks
  A steam dragon (Lair:3)
  A harpy simulacrum (IceCv)
  2 wargs
  3 acid dragons
  A glowing shapeshifter zombie (Depths:3)
  A glowing shapeshifter skeleton (Vaults:3)
  Duvessa (D:6)
  18 water moccasins
  An ogre skeleton (Vaults:3)
  An ice beast (D:7)
  55 orc warriors
  7 black bears
  4 ettin simulacra (IceCv)
  A sky beast (D:6)
  11 small abominations (Abyss:3)
  2 alligator simulacra (IceCv)
  13 ogres
  8 boggarts
  2 phantoms (D:5)
  34 wolves
  6 centaurs
  4 kobold brigands
  10 earth elementals
  2 necrophages
  7 bullfrogs
  A gnoll sergeant (D:9)
  6 scorpions
  18 wights
  Dowan (D:6)
  2 oklob saplings (D:10)
  3 killer bees (D:7)
  2 lindwurm simulacra (IceCv)
  A vampire bat (D:13)
  2 howler monkeys
  4 quasits (Abyss:3)
  13 starcursed masses (Abyss:3)
  A jelly (Sewer)
  36 orc priests
  A hound (D:5)
  A gnoll bouda (D:8)
  5 iguanas
  23 orc wizards
  14 gnolls
  13 adders
  2 river rats
  3 shadow imps
  A white imp (Abyss:3)
  2 ufetubi
  2 worms (D:2)
  4 dart slugs
  115 orcs
  10 endoplasms
  7 giant cockroaches
  4 goblins
  9 hobgoblins
  7 jackals
  A quokka (D:2)
  11 ball pythons
  11 bats
  4 frilled lizards
  20 kobolds
  10 rats
  A ball lightning (Depths:2)
  A bush (Shoals:3)
  A lurking horror (Abyss:3)
  3 tentacles (Shoals:2)
2200 creatures vanquished.

Vanquished Creatures (collateral kills)
  A boulder beetle (D:12)
  A hell knight (Depths:3)
  A deep troll (Depths:3)
  An ironbound convoker (Vaults:5)
  A wolf spider (Lair:3)
  2 tarantellas (Spider:3)
  A redback (Spider:4)
8 creatures vanquished.

Vanquished Creatures (others)
  2 azure jellies (Vaults:5)
  A shadow dragon (shapeshifter) (Depths:2)
  A draconian knight (Zot:3)
  2 frost giants
  A stone giant (Vaults:5)
  An ironbound thunderhulk (Vaults:2)
  An ironbound preserver (Vaults:5)
  A very ugly thing (Depths:2)
  A great orb of eyes (shapeshifter) (Vaults:5)
  A deep elf high priest (Vaults:5)
  2 yaktaur captains
  4 great orbs of eyes
  An ice dragon (Zot:2)
  A catoblepas (D:13)
  A rakshasa (Depths:3)
  A jorogumo (shapeshifter) (Depths:2)
  A centaur warrior (D:13)
  A two-headed ogre (shapeshifter) (Depths:3)
  A deep troll shaman (Depths:2)
  A dancing weapon (Depths:2)
  2 tengu warriors (Depths:2)
  A fire crab (shapeshifter) (Vaults:5)
  2 hell knights (Depths:3)
  An iron troll (Depths:3)
  2 skeletal warriors
  3 deep trolls
  6 glowing orange brains
  A glowing orange brain (shapeshifter) (Vaults:5)
  A wizard (Vaults:4)
  A lindwurm (shapeshifter) (Depths:2)
  4 deep elf zephyrmancers
  A phantasmal warrior (Vaults:5)
  A deep elf pyromancer (D:13)
  A necromancer (Vaults:5)
  3 ironbound convokers
  A manticore (shapeshifter) (Vaults:5)
  A shining eye (Abyss:3)
  3 shining eyes (shapeshifter)
  3 vault sentinels (Vaults:5)
  An eye of devastation (Abyss:3)
  A water nymph (shapeshifter) (Vaults:5)
  A smoke demon (Abyss:3)
  An unseen horror (Abyss:3)
  A tengu conjurer (D:13)
  3 yaktaurs (Vaults:3)
  A wind drake (Depths:2)
  A merfolk (Shoals:4)
  22 slime creatures
  A spriggan (Lair:5)
  A centaur simulacrum (D:12)
  An air elemental (Depths:2)
  A vampire (D:12)
  A basilisk (Lair:1)
  A fire elemental (Depths:2)
  2 water elementals
  3 humans (D:14)
  A yak (Lair:5)
  A neqoxec (Depths:2)
  3 golden eyes
  A warg (D:15)
  A redback (Vaults:2)
  An orc warrior (D:15)
  A floating eye (shapeshifter) (Depths:2)
  A floating eye (Abyss:5)
  A glowing shapeshifter skeleton (Vaults:3)
  A black bear (D:6)
  4 boggarts (Abyss:3)
  6 centaurs
  2 kobold brigands
  2 scorpions
  A wight (D:8)
  An electric eel (D:13)
  3 howler monkeys (D:9)
  224 jellies
  6 orc priests
  A gnoll bouda (D:9)
  2 orc wizards (Orc:2)
  3 gnolls
  2 adders (D:5)
  18 orcs
  2 ball pythons (D:10)
  3 endoplasms
  2 jackals (D:5)
  8 kobolds
  12 ball lightnings (Depths:2)
  A bush (D:10)
  3 demonic plants (Abyss:3)
  8 foxfires (Abyss:3)
  46 fungi
  A lurking horror (Abyss:3)
  213 plants
  10 starspawn tentacles
  9 tentacles (Shoals:2)
  8 withered plants (D:15)
720 creatures vanquished.

Grand Total: 2928 creatures vanquished

Notes
Turn   | Place    | Note
-------+----------+-------------------------------------------
     0 | D:1      | playerpeter1231 the Gargoyle Monk began the quest for the
                  | Orb.
     0 | D:1      | Reached XP level 1. HP: 14/14 MP: 1/1
   358 | D:1      | Reached XP level 2. HP: 13/19 MP: 2/2
   965 | D:2      | Reached skill level 1 in Armour
   965 | D:2      | Reached XP level 3. HP: 24/24 MP: 3/3
  1304 | D:2      | Reached skill level 4 in Fighting
  1613 | D:2      | Reached XP level 4. HP: 24/29 MP: 4/4
  1916 | D:3      | You fall into a shaft and drop 2 floors!
  1916 | D:5      | Entered Level 5 of the Dungeon
  1942 | D:5      | Noticed a necrophage
  1962 | D:5      | Killed a necrophage
  1963 | D:5      | Reached XP level 5. HP: 34/34 MP: 5/5
  1967 | D:6      | Found a glowing drain.
  2053 | Sewer    | Entered a sewer
  2329 | Sewer    | Reached XP level 6. HP: 31/40 MP: 6/6
  2546 | Sewer    | Reached skill level 5 in Fighting
  2617 | Sewer    | Found a viscous altar of Jiyva.
  2631 | Sewer    | Became a worshipper of Jiyva Juorri the Shapeless
  2631 | Sewer    | Reached * piety under Jiyva
  2631 | Sewer    | Reached ** piety under Jiyva
  2905 | D:5      | Reached skill level 5 in Maces & Flails
  2951 | D:5      | Reached XP level 7. HP: 44/44 MP: 7/7
  3141 | D:3      | Found an ancient bone altar of Kikubaaqudgha.
  3281 | D:3      | Reached *** piety under Jiyva
  4039 | D:5      | Reached skill level 6 in Fighting
  4062 | D:5      | Gained mutation: You have acidic saliva. [Jiyva's grace]
  4062 | D:5      | Gained mutation: Your body has grown eyes which may confuse
                  | attackers. (Acc +3) [Jiyva's grace]
  4062 | D:5      | Gained mutation: Your body has grown many eyes which may
                  | confuse attackers. (Acc +5) [Jiyva's grace]
  4062 | D:5      | Gained mutation: Your body is covered in eyes which may
                  | confuse attackers. (Acc +7, SInv) [Jiyva's grace]
  4178 | D:5      | Reached skill level 1 in Spellcasting
  4276 | D:5      | Reached XP level 8. HP: 52/52 MP: 8/10
  4590 | D:6      | Reached **** piety under Jiyva
  4601 | D:6      | Noticed Maggie
  4603 | D:6      | Paralysed by Maggie for 5 turns
  4623 | D:6      | Killed Maggie
  4624 | D:6      | Reached skill level 7 in Fighting
  4825 | D:6      | Noticed Dowan
  4831 | D:6      | Noticed Duvessa
  4842 | D:6      | Killed Dowan
  4842 | D:6      | Killed Duvessa
  5077 | D:6      | Reached XP level 9. HP: 58/58 MP: 13/13
  5089 | D:6      | Reached skill level 8 in Fighting
  5201 | D:6      | Noticed Sigmund
  5214 | D:6      | Killed Sigmund
  5215 | D:6      | Reached skill level 5 in Armour
  5272 | D:6      | Identified the ring "Ischi" {AC+4 Str+4}
  5845 | D:6      | Found a snail-covered altar of Cheibriados.
  5986 | D:7      | Found a runed translucent door.
  6030 | D:7      | Lost mutation: Your body is covered in eyes which may
                  | confuse attackers. (Acc +7, SInv) [Jiyva's grace]
  6030 | D:7      | Gained mutation: You are partially covered in large bone
                  | plates. (SH +4) [Jiyva's grace]
  6030 | D:7      | Gained mutation: You are mostly covered in large bone
                  | plates. (SH +6) [Jiyva's grace]
  6030 | D:7      | Gained mutation: You are completely covered in large bone
                  | plates. (SH +8) [Jiyva's grace]
  6030 | D:7      | Gained mutation: Your rubbery body absorbs attacks. (AC +1,
                  | EV +1) [Jiyva's grace]
  6308 | D:7      | Found a staircase to the Ecumenical Temple.
  6341 | D:7      | Reached skill level 9 in Fighting
  6756 | D:7      | Reached XP level 10. HP: 66/66 MP: 16/16
  6780 | D:8      | Noticed Psyche
  6911 | D:8      | Identified the amulet "Orphaonux" {Spirit rF+ Regen+ Str+2}
  6993 | D:8      | Found a flagged portal.
  6995 | D:8      | Noticed a two-headed ogre
  7002 | Bailey   | Entered a bailey
  7194 | Bailey   | Noticed an orc knight
  7213 | Bailey   | Killed an orc knight
  7214 | Bailey   | Reached skill level 10 in Fighting
  7214 | Bailey   | Reached skill level 1 in Axes
  7468 | D:8      | Killed Psyche
  7587 | D:8      | Reached skill level 5 in Spellcasting
  7680 | D:8      | Killed a two-headed ogre
  7681 | D:8      | Reached skill level 11 in Fighting
  7681 | D:8      | Reached XP level 11. HP: 19/74 MP: 5/18
  7758 | D:8      | Reached skill level 10 in Maces & Flails
  8431 | D:9      | Found a hazy altar of Hepliaklqana.
  8433 | D:9      | Found a broken altar of Ashenzari.
  8605 | D:9      | Reached ***** piety under Jiyva
  8877 | D:10     | Entered Level 10 of the Dungeon
  8989 | D:10     | Noticed a two-headed ogre
  9015 | D:10     | Killed a two-headed ogre
  9016 | D:10     | Reached skill level 12 in Fighting
  9036 | D:10     | Found an ornate altar of the Wu Jian Council.
  9067 | D:10     | Lost mutation: You are completely covered in large bone
                  | plates. (SH +8) [Jiyva's grace]
  9067 | D:10     | Lost mutation: You are mostly covered in large bone plates.
                  | (SH +6) [Jiyva's grace]
  9067 | D:10     | Lost mutation: Your body has grown many eyes which may
                  | confuse attackers. (Acc +5) [Jiyva's grace]
  9067 | D:10     | Gained mutation: Armour fits poorly on your pseudopods.
                  | [Jiyva's grace]
  9067 | D:10     | Gained mutation: Armour fits poorly on your large
                  | pseudopods. [Jiyva's grace]
  9067 | D:10     | Gained mutation: Armour fits poorly on your massive
                  | pseudopods. [Jiyva's grace]
  9067 | D:10     | Gained mutation: You have very sharp teeth. [Jiyva's grace]
  9147 | D:10     | Found a staircase to the Lair.
  9307 | D:10     | Found a burning altar of Makhleb.
  9311 | D:10     | Found a bloodstained altar of Trog.
  9314 | D:10     | Found a glowing silver altar of Zin.
  9366 | D:10     | Found Qirueb's Armour Emporium.
  9373 | D:10     | Bought a +2 pair of gloves for 247 gold pieces
  9593 | D:10     | Reached skill level 1 in Ranged Weapons
  9716 | D:11     | Noticed a boulder beetle
  9815 | D:11     | Noticed Grum
  9940 | D:11     | Killed a boulder beetle
  9948 | D:11     | Noticed a cyclops
  9955 | D:11     | Killed a cyclops
  9956 | D:11     | Reached skill level 10 in Armour
  9956 | D:11     | Reached XP level 12. HP: 65/81 MP: 16/21
 10197 | D:11     | Killed Grum
 10313 | D:12     | Noticed a two-headed ogre
 10329 | D:12     | Killed a two-headed ogre
 10414 | D:12     | Noticed a centaur warrior
 10427 | D:12     | Killed a centaur warrior
 10570 | D:12     | Found a staircase to the Orcish Mines.
 10580 | D:12     | Identified the +3 quarterstaff "Fal Han" {vorpal, Str+2}
 10813 | D:12     | Reached ****** piety under Jiyva
 10817 | D:12     | Noticed a boulder beetle
 10840 | D:12     | Killed a boulder beetle
 10880 | D:12     | Noticed Kirke
 10898 | D:12     | Killed Kirke
 11047 | D:12     | Gained mutation: Your flesh is cold resistant. (rC+)
                  | [Jiyva's grace]
 11047 | D:12     | Gained mutation: Your flesh is very cold resistant. (rC++)
                  | [Jiyva's grace]
 11047 | D:12     | Gained mutation: Your flesh is almost immune to the effects
                  | of cold. (rC+++) [Jiyva's grace]
 11047 | D:12     | Gained mutation: You have hidden genetic potential.
                  | [Jiyva's grace]
 11069 | D:12     | Reached skill level 13 in Fighting
 11311 | Lair:1   | Entered Level 1 of the Lair of Beasts
 11494 | Lair:1   | Noticed a five-headed hydra
 11535 | Lair:1   | Killed a five-headed hydra
 11536 | Lair:1   | Reached skill level 5 in Ranged Weapons
 11729 | Lair:1   | You fall into a shaft and drop 1 floor!
 12011 | Lair:2   | Reached XP level 13. HP: 88/88 MP: 23/23
 12665 | Lair:3   | Found a staircase to the Shoals.
 12796 | Lair:3   | Lost mutation: Your flesh is almost immune to the effects
                  | of cold. (rC+++) [Jiyva's grace]
 12796 | Lair:3   | Lost mutation: Armour fits poorly on your massive
                  | pseudopods. [Jiyva's grace]
 12796 | Lair:3   | Lost mutation: You have hidden genetic potential. [Jiyva's
                  | grace]
 12796 | Lair:3   | Gained mutation: Your body has grown many eyes which may
                  | confuse attackers. (Acc +5) [Jiyva's grace]
 12796 | Lair:3   | Gained mutation: Your body is covered in eyes which may
                  | confuse attackers. (Acc +7, SInv) [Jiyva's grace]
 12796 | Lair:3   | Gained mutation: Your muscles are strong. (Str +4, Int/Dex
                  | -1) [Jiyva's grace]
 12796 | Lair:3   | Gained mutation: Your muscles are very strong. (Str +8,
                  | Int/Dex -2) [Jiyva's grace]
 12899 | Lair:3   | Found a hole to the Spider Nest.
 12995 | Lair:3   | Reached skill level 14 in Fighting
 13174 | Lair:3   | Identified the +6 bardiche of Poss {venom, rCorr}
 13476 | Lair:4   | Reached skill level 1 in Polearms
 13813 | Lair:4   | Identified the +0 leather armour of Myru {Fly rN+ Int+4
                  | Dex-3}
 13823 | Lair:4   | Identified the +6 whip of Palonigo {drain, Str+2}
 14191 | Lair:5   | Entered Level 5 of the Lair of Beasts
 14231 | Lair:5   | Gained mutation: Your large and strong wings let you fly.
                  | [Gargoyle growth]
 14231 | Lair:5   | Reached XP level 14. HP: 95/96 MP: 23/25
 14318 | Lair:4   | Reached skill level 15 in Armour
 14345 | Lair:5   | Found a viscous altar of Jiyva.
 14346 | Lair:5   | Found a staircase to the Slime Pits.
 14355 | Slime:1  | Entered Level 1 of the Pits of Slime
 14355 | Slime:1  | Noticed an acid blob
 14355 | Slime:1  | Noticed a quicksilver ooze
 14383 | Slime:1  | Noticed an azure jelly
 14430 | Slime:1  | Noticed an acid blob
 14432 | Slime:1  | Noticed an acid blob
 14550 | Slime:2  | Noticed an acid blob
 14551 | Slime:2  | Noticed an acid blob
 14609 | Slime:2  | Noticed an acid blob
 14799 | Slime:3  | Noticed a rockslime
 14800 | Slime:3  | Noticed an azure jelly
 14827 | Slime:3  | Noticed an acid blob
 14828 | Slime:3  | Noticed an acid blob
 14932 | Slime:4  | Noticed a quicksilver ooze
 15060 | Slime:5  | Entered Level 5 of the Pits of Slime
 15110 | Slime:5  | Noticed the Royal Jelly
 15117 | Slime:5  | Noticed a rockslime
 15117 | Slime:5  | Noticed a rockslime
 15130 | Slime:5  | Noticed an acid blob
 15143 | Slime:5  | Noticed a quicksilver ooze
 15144 | Slime:5  | Noticed a quicksilver ooze
 15179 | Slime:5  | Noticed an azure jelly
 15185 | Slime:5  | Noticed a quicksilver ooze
 15196 | Slime:5  | Noticed an acid blob
 15200 | Slime:5  | Noticed an acid blob
 15220 | Slime:5  | Noticed a rockslime
 15235 | Slime:5  | Noticed a quicksilver ooze
 15241 | Slime:5  | Noticed an acid blob
 15250 | Slime:5  | Found a viscous altar of Jiyva.
 15250 | Slime:5  | Noticed an azure jelly
 15251 | Slime:5  | Noticed an acid blob
 15251 | Slime:5  | Found the +6 arbalest "Damnation" {damnation}
 15251 | Slime:5  | Noticed an azure jelly
 15252 | Slime:5  | Noticed an acid blob
 15260 | Slime:5  | Got a slimy rune of Zot
 15265 | Slime:5  | Noticed an acid blob
 15269 | Slime:5  | Identified the ring "Seerhe" {rC+ rN+ Dex+2}
 15277 | Slime:5  | Got the Codex of Altered Spellbinding
 15278 | Slime:5  | Identified the amulet "Jyser" {Acrobat Dex+6}
 15284 | Slime:5  | Identified the +1 war axe of War {freeze, rC+ Dex-4 Stlth+}
 15290 | Slime:5  | Noticed an acid blob
 15294 | Slime:5  | Identified the +8 scimitar of the Unspeakable One {drain,
                  | Int+4 SInv}
 15321 | Slime:5  | Noticed an acid blob
 15361 | Slime:5  | Noticed an acid blob
 15436 | Lair:5   | Noticed Sonja
 15445 | Lair:5   | Killed Sonja
 15592 | Lair:5   | Lost mutation: You are partially covered in large bone
                  | plates. (SH +4) [Jiyva's grace]
 15592 | Lair:5   | Lost mutation: Your flesh is very cold resistant. (rC++)
                  | [Jiyva's grace]
 15592 | Lair:5   | Lost mutation: Your muscles are very strong. (Str +8,
                  | Int/Dex -2) [Jiyva's grace]
 15592 | Lair:5   | Lost mutation: Your body is covered in eyes which may
                  | confuse attackers. (Acc +7, SInv) [Jiyva's grace]
 15592 | Lair:5   | Gained mutation: You are covered in slimy tendrils that may
                  | disarm your opponents. [Jiyva's grace]
 15592 | Lair:5   | Gained mutation: You have a pair of small horns on your
                  | head. [Jiyva's grace]
 15592 | Lair:5   | Gained mutation: You have a pair of horns on your head.
                  | [Jiyva's grace]
 15592 | Lair:5   | Gained mutation: You have a pair of large horns on your
                  | head. [Jiyva's grace]
 15809 | Lair:5   | Reached skill level 15 in Fighting
 16448 | Spider:1 | Entered Level 1 of the Spider Nest
 16748 | Spider:1 | Noticed an entropy weaver
 16934 | Spider:2 | Noticed an emperor scorpion
 16962 | Spider:1 | Killed an emperor scorpion
 16963 | Spider:1 | Reached XP level 15. HP: 74/104 MP: 16/27
 17325 | Spider:2 | Reached skill level 10 in Ranged Weapons
 17435 | Spider:3 | Reached skill level 16 in Fighting
 17496 | Spider:3 | Lost mutation: Your rubbery body absorbs attacks. (AC +1,
                  | EV +1) [Jiyva's grace]
 17496 | Spider:3 | Gained mutation: Your natural rate of healing is unusually
                  | fast. [Jiyva's grace]
 17496 | Spider:3 | Gained mutation: You heal very quickly. [Jiyva's grace]
 17496 | Spider:3 | Gained mutation: You regenerate. [Jiyva's grace]
 17496 | Spider:3 | Gained mutation: Your spells are a little harder to cast,
                  | but a little more powerful. [Jiyva's grace]
 18535 | Spider:4 | Entered Level 4 of the Spider Nest
 18535 | Spider:4 | Noticed an emperor scorpion
 18592 | Spider:3 | Killed an emperor scorpion
 18768 | Spider:4 | Reached XP level 16. HP: 111/111 MP: 29/29
 18983 | Spider:4 | Reached skill level 17 in Fighting
 19025 | Spider:4 | Got a gossamer rune of Zot
 19222 | Spider:4 | Lost mutation: Armour fits poorly on your large pseudopods.
                  | [Jiyva's grace]
 19222 | Spider:4 | Lost mutation: You are covered in slimy tendrils that may
                  | disarm your opponents. [Jiyva's grace]
 19222 | Spider:4 | Gained mutation: You are covered in slimy tendrils that may
                  | disarm your opponents. [Jiyva's grace]
 19222 | Spider:4 | Gained mutation: Your translucent skin slightly reduces
                  | your foes' accuracy. (Stealth+) [Jiyva's grace]
 19222 | Spider:4 | Gained mutation: Your translucent skin reduces your foes'
                  | accuracy. (Stealth+) [Jiyva's grace]
 19222 | Spider:4 | Gained mutation: Your transparent skin significantly
                  | reduces your foes' accuracy. (Stealth+) [Jiyva's grace]
 20946 | D:14     | Noticed Rupert
 20954 | D:14     | Killed Rupert
 21033 | D:14     | Reached skill level 10 in Spellcasting
 21051 | D:14     | Noticed Urug
 21080 | D:14     | Killed Urug
 21095 | D:14     | Found an iron altar of Okawaru.
 21223 | D:14     | Found a gate to the Vaults.
 21233 | D:14     | Lost mutation: You have a pair of large horns on your head.
                  | [Jiyva's grace]
 21233 | D:14     | Lost mutation: Your transparent skin significantly reduces
                  | your foes' accuracy. (Stealth+) [Jiyva's grace]
 21233 | D:14     | Gained mutation: You are partially covered in iridescent
                  | scales. (AC +2) [Jiyva's grace]
 21233 | D:14     | Gained mutation: You are mostly covered in iridescent
                  | scales. (AC +4) [Jiyva's grace]
 21233 | D:14     | Gained mutation: You are completely covered in iridescent
                  | scales. (AC +6) [Jiyva's grace]
 21233 | D:14     | Gained mutation: You are covered in fur. (AC +1) [Jiyva's
                  | grace]
 21365 | D:14     | Identified the +8 spear of the Undead {protect, rF+ Int+7
                  | Stlth+}
 21679 | Vaults:1 | Entered Level 1 of the Vaults
 21796 | Vaults:1 | Noticed a golden dragon
 21797 | Vaults:1 | Reached XP level 17. HP: 100/119 MP: 26/31
 21819 | Vaults:1 | Killed a golden dragon
 22043 | Vaults:1 | Reached skill level 18 in Fighting
 22057 | Vaults:1 | Noticed a sphinx
 22067 | Vaults:1 | Killed a sphinx
 22735 | Vaults:2 | Found a flickering gateway to a bazaar.
 22748 | Bazaar   | Entered a bazaar
 22748 | Bazaar   | Found Xefaso's Antique Armour Boutique.
 22748 | Bazaar   | Found Quaggig's Armour Shop.
 22748 | Bazaar   | Found Yskifut's Antique Weapon Shop.
 23042 | Vaults:2 | Lost mutation: You have a pair of horns on your head.
                  | [Jiyva's grace]
 23042 | Vaults:2 | Lost mutation: You have a pair of small horns on your head.
                  | [Jiyva's grace]
 23042 | Vaults:2 | Lost mutation: You regenerate. [Jiyva's grace]
 23042 | Vaults:2 | Lost mutation: You heal very quickly. [Jiyva's grace]
 23042 | Vaults:2 | Lost mutation: Your spells are a little harder to cast, but
                  | a little more powerful. [Jiyva's grace]
 23042 | Vaults:2 | Lost mutation: Your translucent skin reduces your foes'
                  | accuracy. (Stealth+) [Jiyva's grace]
 23042 | Vaults:2 | Lost mutation: You are covered in slimy tendrils that may
                  | disarm your opponents. [Jiyva's grace]
 23042 | Vaults:2 | Gained mutation: You have supernaturally acute eyesight.
                  | (SInv) [Jiyva's grace]
 23042 | Vaults:2 | Gained mutation: You have large cloven feet. [Jiyva's
                  | grace]
 23042 | Vaults:2 | Gained mutation: You have hoof-like feet. [Jiyva's grace]
 23042 | Vaults:2 | Gained mutation: You have hooves in place of feet. [Jiyva's
                  | grace]
 23376 | Vaults:2 | You are sucked into a shaft and drop 2 floors!
 23485 | Vaults:3 | Reached XP level 18. HP: 115/126 MP: 28/32
 23753 | Vaults:3 | Noticed Boris
 23768 | Vaults:3 | Reached skill level 19 in Fighting
 23822 | Vaults:3 | Killed Boris
 24028 | Vaults:3 | Found Giptuat's Jewellery Boutique.
 24281 | Vaults:3 | Lost mutation: You have very sharp teeth. [Jiyva's grace]
 24281 | Vaults:3 | Lost mutation: You have hooves in place of feet. [Jiyva's
                  | grace]
 24281 | Vaults:3 | Lost mutation: You have supernaturally acute eyesight.
                  | (SInv) [Jiyva's grace]
 24281 | Vaults:3 | Lost mutation: Your body has grown many eyes which may
                  | confuse attackers. (Acc +5) [Jiyva's grace]
 24281 | Vaults:3 | Lost mutation: Your translucent skin slightly reduces your
                  | foes' accuracy. (Stealth+) [Jiyva's grace]
 24281 | Vaults:3 | Gained mutation: You are partially covered in large bone
                  | plates. (SH +4) [Jiyva's grace]
 24281 | Vaults:3 | Gained mutation: You are mostly covered in large bone
                  | plates. (SH +6) [Jiyva's grace]
 24281 | Vaults:3 | Gained mutation: You are completely covered in large bone
                  | plates. (SH +8) [Jiyva's grace]
 24281 | Vaults:3 | Gained mutation: Your translucent skin slightly reduces
                  | your foes' accuracy. (Stealth+) [Jiyva's grace]
 24400 | Vaults:3 | Found a staircase to the Crypt.
 25353 | Abyss:3  | Cast into level 3 of the Abyss (a wizard)
 25419 | Abyss:3  | Lost mutation: You are completely covered in iridescent
                  | scales. (AC +6) [Jiyva's grace]
 25419 | Abyss:3  | Gained mutation: You have hooves in place of feet. [Jiyva's
                  | grace]
 25419 | Abyss:3  | Gained mutation: Your flesh is heat resistant. (rF+)
                  | [Jiyva's grace]
 25419 | Abyss:3  | Gained mutation: Your flesh is very heat resistant. (rF++)
                  | [Jiyva's grace]
 25419 | Abyss:3  | Gained mutation: Your flesh is almost immune to the effects
                  | of heat. (rF+++) [Jiyva's grace]
 25479 | Abyss:3  | Noticed a lich
 25494 | Abyss:3  | Gained mutation: You occasionally lose the ability to read
                  | scrolls when taking damage. [a neqoxec]
 25495 | Abyss:3  | Identified the +0 tower shield "Urroozin" {Int+3 Dex+4}
 25495 | Abyss:3  | Gained mutation: You are frail. (-10% HP) [a neqoxec]
 25498 | Abyss:3  | Gained mutation: You are occasionally teleported next to
                  | monsters. [a neqoxec]
 25592 | Abyss:3  | Noticed an ancient lich
 25619 | Vaults:4 | Escaped the Abyss
 25703 | Vaults:4 | Reached XP level 19. HP: 119/119 MP: 29/34
 25716 | Vaults:4 | Lost mutation: You are completely covered in large bone
                  | plates. (SH +8) [potion of mutation]
 25716 | Vaults:4 | Lost mutation: Your translucent skin slightly reduces your
                  | foes' accuracy. (Stealth+) [potion of mutation]
 25716 | Vaults:4 | Lost mutation: You have hooves in place of feet. [potion of
                  | mutation]
 25716 | Vaults:4 | Gained mutation: Your spells are a little harder to cast,
                  | but a little more powerful. [potion of mutation]
 25717 | Vaults:4 | Lost mutation: Armour fits poorly on your pseudopods.
                  | [potion of mutation]
 25717 | Vaults:4 | Lost mutation: Your muscles are strong. (Str +4, Int/Dex
                  | -1) [potion of mutation]
 25717 | Vaults:4 | Gained mutation: You are completely covered in large bone
                  | plates. (SH +8) [potion of mutation]
 25718 | Vaults:4 | Lost mutation: Your flesh is cold resistant. (rC+) [potion
                  | of mutation]
 25718 | Vaults:4 | Lost mutation: Your body has grown eyes which may confuse
                  | attackers. (Acc +3) [potion of mutation]
 25718 | Vaults:4 | Lost mutation: You are covered in fur. (AC +1) [potion of
                  | mutation]
 25718 | Vaults:4 | Lost mutation: Your flesh is almost immune to the effects
                  | of heat. (rF+++) [potion of mutation]
 25718 | Vaults:4 | Gained mutation: Your muscles are strong. (Str +4, Int/Dex
                  | -1) [potion of mutation]
 25719 | Vaults:4 | Lost mutation: You have hoof-like feet. [potion of
                  | mutation]
 25719 | Vaults:4 | Lost mutation: You are completely covered in large bone
                  | plates. (SH +8) [potion of mutation]
 25719 | Vaults:4 | Lost mutation: You occasionally lose the ability to read
                  | scrolls when taking damage. [potion of mutation]
 25719 | Vaults:4 | Gained mutation: You have a pair of small antennae on your
                  | head. [potion of mutation]
 25720 | Vaults:4 | Lost mutation: You are mostly covered in iridescent scales.
                  | (AC +4) [potion of mutation]
 25720 | Vaults:4 | Lost mutation: You are frail. (-10% HP) [potion of
                  | mutation]
 25720 | Vaults:4 | Lost mutation: You have a pair of small antennae on your
                  | head. [potion of mutation]
 25721 | Vaults:4 | Lost mutation: You have acidic saliva. [potion of mutation]
 25721 | Vaults:4 | Lost mutation: You are partially covered in iridescent
                  | scales. (AC +2) [potion of mutation]
 25721 | Vaults:4 | Lost mutation: Your flesh is very heat resistant. (rF++)
                  | [potion of mutation]
 25721 | Vaults:4 | Gained mutation: You occasionally lose the ability to read
                  | scrolls when taking damage. [potion of mutation]
 25721 | Vaults:4 | Gained mutation: You have hoof-like feet. [potion of
                  | mutation]
 25722 | Vaults:4 | Lost mutation: You occasionally lose the ability to read
                  | scrolls when taking damage. [potion of mutation]
 25722 | Vaults:4 | Lost mutation: You are mostly covered in large bone plates.
                  | (SH +6) [potion of mutation]
 25722 | Vaults:4 | Lost mutation: Your flesh is heat resistant. (rF+) [potion
                  | of mutation]
 25722 | Vaults:4 | Lost mutation: You are occasionally teleported next to
                  | monsters. [potion of mutation]
 25722 | Vaults:4 | Gained mutation: You have a pair of small horns on your
                  | head. [potion of mutation]
 26439 | Vaults:4 | Lost mutation: You are partially covered in large bone
                  | plates. (SH +4) [Jiyva's grace]
 26439 | Vaults:4 | Gained mutation: Your rubbery body absorbs attacks. (AC +1,
                  | EV +1) [Jiyva's grace]
 26439 | Vaults:4 | Gained mutation: Your pliable body absorbs attacks. (AC +2,
                  | EV +2) [Jiyva's grace]
 26439 | Vaults:4 | Gained mutation: Your gelatinous body deflects attacks. (AC
                  | +3, EV +3) [Jiyva's grace]
 26439 | Vaults:4 | Gained mutation: You expend magic power (3 MP) to
                  | strengthen your wands. [Jiyva's grace]
 26523 | Vaults:5 | Entered Level 5 of the Vaults
 26533 | Vaults:4 | Reached skill level 15 in Ranged Weapons
 26571 | Vaults:4 | Reached skill level 15 in Maces & Flails
 26685 | Vaults:4 | Reached skill level 20 in Fighting
 26691 | Vaults:5 | Noticed a golden dragon
 26784 | Vaults:5 | Noticed a tentacled monstrosity
 26788 | Vaults:5 | Killed a golden dragon
 26801 | Vaults:5 | Killed a tentacled monstrosity
 26927 | Vaults:5 | Reached XP level 20. HP: 127/142 MP: 29/35
 27251 | Vaults:5 | Found Puefojeothra's General Store.
 27255 | Vaults:5 | Found Ases's Magic Scroll Shoppe.
 27264 | Vaults:5 | Bought a potion of degeneration for 11 gold pieces
 27264 | Vaults:5 | Bought a scroll of blinking for 82 gold pieces
 27264 | Vaults:5 | Bought a potion of mutation for 88 gold pieces
 27264 | Vaults:5 | Bought a potion of might for 44 gold pieces
 27264 | Vaults:5 | Bought 2 scrolls of silence for 209 gold pieces
 27278 | Vaults:5 | Bought a scroll of identify for 22 gold pieces
 27278 | Vaults:5 | Bought a scroll of summoning for 104 gold pieces
 27278 | Vaults:5 | Bought a scroll of poison for 44 gold pieces
 27286 | Vaults:5 | Found Zeadarch's Distillery.
 27290 | Vaults:5 | Bought a potion of heal wounds for 110 gold pieces
 27290 | Vaults:5 | Bought a potion of heal wounds for 110 gold pieces
 27290 | Vaults:5 | Bought a potion of heal wounds for 110 gold pieces
 27315 | Vaults:5 | Found Isoutaw's Antique Armour Emporium.
 27496 | Vaults:5 | Identified the +1 scale mail of Objectivity {*Slow rPois
                  | Str+4 Slay+5}
 27674 | Vaults:5 | Got a silver rune of Zot
 27781 | Vaults:5 | Found Biynyp's Antique Weapon Boutique.
 28185 | Shoals:1 | Entered Level 1 of the Shoals
 28491 | Shoals:1 | Lost mutation: You have hoof-like feet. [Jiyva's grace]
 28491 | Shoals:1 | Lost mutation: You have a pair of small horns on your head.
                  | [Jiyva's grace]
 28491 | Shoals:1 | Lost mutation: Your natural rate of healing is unusually
                  | fast. [Jiyva's grace]
 28491 | Shoals:1 | Lost mutation: Your spells are a little harder to cast, but
                  | a little more powerful. [Jiyva's grace]
 28491 | Shoals:1 | Gained mutation: Your muscles are very strong. (Str +8,
                  | Int/Dex -2) [Jiyva's grace]
 28491 | Shoals:1 | Gained mutation: You are partially covered in iridescent
                  | scales. (AC +2) [Jiyva's grace]
 28491 | Shoals:1 | Gained mutation: You are mostly covered in iridescent
                  | scales. (AC +4) [Jiyva's grace]
 28491 | Shoals:1 | Gained mutation: You are completely covered in iridescent
                  | scales. (AC +6) [Jiyva's grace]
 28502 | Shoals:1 | Found Rimni's Weapon Shop.
 28947 | Shoals:2 | Reached skill level 21 in Fighting
 29361 | Shoals:2 | You are sucked into a shaft and drop 1 floor!
 29430 | Shoals:3 | Identified a scroll of acquirement
 29431 | Shoals:3 | Acquired the +0 triple crossbow of Arubihi {flame, Dex+2}
 29730 | Shoals:3 | Lost mutation: You have large cloven feet. [Jiyva's grace]
 29730 | Shoals:3 | Lost mutation: Your muscles are very strong. (Str +8,
                  | Int/Dex -2) [Jiyva's grace]
 29730 | Shoals:3 | Gained mutation: Your natural rate of healing is unusually
                  | fast. [Jiyva's grace]
 29730 | Shoals:3 | Gained mutation: You heal very quickly. [Jiyva's grace]
 29730 | Shoals:3 | Gained mutation: You regenerate. [Jiyva's grace]
 29730 | Shoals:3 | Gained mutation: You passively map a small area around you.
                  | [Jiyva's grace]
 29954 | Shoals:3 | Identified the +0 animal skin of the Mangosteen {Contam
                  | rN+++ Regen+ Stlth+}
 30015 | Shoals:4 | Entered Level 4 of the Shoals
 30176 | Shoals:4 | Identified the +1 broad axe of Halyem {flame, rN+}
 30304 | Shoals:4 | Noticed Mara
 30321 | Shoals:4 | Noticed playerpeter1231's illusion
 30407 | Shoals:4 | Reached XP level 21. HP: 127/149 MP: 32/37
 30543 | Shoals:4 | Got a barnacled rune of Zot
 30604 | Shoals:4 | Noticed playerpeter1231's illusion
 31124 | Orc:1    | Entered Level 1 of the Orcish Mines
 31284 | Orc:1    | Found Ationacezao's Antique Armour Shop.
 31340 | Orc:2    | Entered Level 2 of the Orcish Mines
 31359 | Orc:2    | Noticed Snorg
 31365 | Orc:2    | Killed Snorg
 31676 | Orc:2    | Found a staircase to the Elven Halls.
 31738 | Orc:2    | Paralysed by an orc sorcerer for 4 turns
 31751 | Orc:2    | Identified the +4 great sword "Loneduwu" {drain, Str+4}
 31917 | Orc:2    | Found Suraeh's Weapon Shop.
 32009 | Orc:2    | Found Semapad's Distillery.
 32023 | Orc:2    | Bought a potion of cancellation for 96 gold pieces
 32023 | Orc:2    | Bought a potion of invisibility for 96 gold pieces
 32023 | Orc:2    | Bought a potion of curing for 36 gold pieces
 32023 | Orc:2    | Bought a potion of might for 48 gold pieces
 32023 | Orc:2    | Bought a potion of might for 48 gold pieces
 32023 | Orc:2    | Bought a potion of mutation for 96 gold pieces
 32023 | Orc:2    | Bought a potion of heal wounds for 60 gold pieces
 32023 | Orc:2    | Bought a potion of invisibility for 96 gold pieces
 32169 | Orc:2    | Found Zepoergh's Weapon Emporium.
 32173 | Orc:2    | Found Kes Buv's Armour Shoppe.
 32379 | Orc:2    | Lost mutation: You regenerate. [Jiyva's grace]
 32379 | Orc:2    | Gained mutation: You have a beak for a mouth. [Jiyva's
                  | grace]
 32379 | Orc:2    | Gained mutation: You have a pair of small antennae on your
                  | head. [Jiyva's grace]
 32379 | Orc:2    | Gained mutation: You have a pair of antennae on your head.
                  | [Jiyva's grace]
 32379 | Orc:2    | Gained mutation: You have a pair of large antennae on your
                  | head. (SInv) [Jiyva's grace]
 32510 | Elf:1    | Entered Level 1 of the Elven Halls
 32562 | Elf:1    | Noticed Aizul
 32571 | Elf:1    | Identified the +3 battleaxe of the Thirsty Leylines
                  | {freeze, Stlth+}
 32573 | Elf:1    | Killed Aizul
 32693 | Elf:1    | Identified the ring of Freedom {rN+ Will++ AC+4 Str-2}
 32903 | Elf:1    | Got the Meditations on the Unstable Commander
 33083 | Elf:1    | Reached skill level 22 in Fighting
 33475 | Elf:2    | Found a frozen archway.
 33487 | IceCv    | Entered an ice cave
 33711 | Elf:2    | Paralysed by an air elemental for 1 turns
 33787 | Elf:2    | Noticed Saint Roka
 33802 | Elf:2    | Killed Saint Roka
 34151 | Elf:2    | Found a runed translucent gate.
 34151 | Elf:2    | Found a runed translucent gate.
 34151 | Elf:2    | Found a runed translucent gate.
 34277 | Elf:2    | Reached XP level 22. HP: 157/157 MP: 38/38
 34427 | Elf:2    | Lost mutation: You have a pair of large antennae on your
                  | head. (SInv) [Jiyva's grace]
 34427 | Elf:2    | Lost mutation: You heal very quickly. [Jiyva's grace]
 34427 | Elf:2    | Lost mutation: Your natural rate of healing is unusually
                  | fast. [Jiyva's grace]
 34427 | Elf:2    | Lost mutation: Your muscles are strong. (Str +4, Int/Dex
                  | -1) [Jiyva's grace]
 34427 | Elf:2    | Lost mutation: You expend magic power (3 MP) to strengthen
                  | your wands. [Jiyva's grace]
 34427 | Elf:2    | Gained mutation: Your melee attacks may engulf your foes in
                  | ooze. [Jiyva's grace]
 34427 | Elf:2    | Gained mutation: You passively dampen the noise of your
                  | surroundings. [Jiyva's grace]
 34427 | Elf:2    | Gained mutation: Your muscles are strong. (Str +4, Int/Dex
                  | -1) [Jiyva's grace]
 34427 | Elf:2    | Gained mutation: Your muscles are very strong. (Str +8,
                  | Int/Dex -2) [Jiyva's grace]
 34608 | Elf:3    | Entered Level 3 of the Elven Halls
 34866 | Elf:3    | Found a stormy altar of Qazlal.
 35100 | Elf:3    | Identified the amulet "Vyoruf" {Faith rC+ Str-4 Slay+4}
 35106 | Elf:3    | Identified the +8 eveningstar of Hoero {venom, rElec Dex+3}
 35126 | Elf:3    | Identified the +7 great mace of the Walnut {holy, Dex+4}
 35185 | Elf:3    | Identified the +4 broad axe "Eppai" {flame, Str+3 Int+3}
 35190 | Abyss:3  | Cast into level 3 of the Abyss (a deep elf sorcerer)
 35196 | Abyss:3  | Found a corrupted altar of Lugonu.
 35268 | Abyss:3  | Found a corrupted altar of Lugonu.
 35488 | Abyss:3  | Found a corrupted altar of Lugonu.
 35488 | Abyss:3  | Lost mutation: You are completely covered in iridescent
                  | scales. (AC +6) [Jiyva's grace]
 35488 | Abyss:3  | Lost mutation: You passively dampen the noise of your
                  | surroundings. [Jiyva's grace]
 35488 | Abyss:3  | Gained mutation: Your body has grown eyes which may confuse
                  | attackers. (Acc +3) [Jiyva's grace]
 35488 | Abyss:3  | Gained mutation: Your body has grown many eyes which may
                  | confuse attackers. (Acc +5) [Jiyva's grace]
 35488 | Abyss:3  | Gained mutation: Your body is covered in eyes which may
                  | confuse attackers. (Acc +7, SInv) [Jiyva's grace]
 35488 | Abyss:3  | Gained mutation: You are agile. (Dex +4, Str/Int -1)
                  | [Jiyva's grace]
 35592 | Abyss:3  | Paralysed by accursed screaming for 1 turns
 35813 | Abyss:3  | Reached skill level 23 in Fighting
 35869 | Abyss:3  | Paralysed by an air elemental for 1 turns
 35873 | Abyss:3  | Paralysed by an air elemental for 1 turns
 36002 | Abyss:5  | Got an abyssal rune of Zot
 36036 | Elf:3    | Escaped the Abyss
 36119 | Elf:3    | Identified the +3 lajatang "Hauruleg" {holy, Str-4 Dex+7}
 36480 | D:15     | Entered Level 15 of the Dungeon
 36907 | D:15     | Found a staircase to the Depths.
 36933 | D:15     | Reached XP level 23. HP: 165/165 MP: 39/39
 36955 | D:15     | Lost mutation: Your gelatinous body deflects attacks. (AC
                  | +3, EV +3) [Jiyva's grace]
 36955 | D:15     | Lost mutation: Your melee attacks may engulf your foes in
                  | ooze. [Jiyva's grace]
 36955 | D:15     | Gained mutation: Your spells are a little harder to cast,
                  | but a little more powerful. [Jiyva's grace]
 36955 | D:15     | Gained mutation: Your spells are harder to cast, but more
                  | powerful. [Jiyva's grace]
 36955 | D:15     | Gained mutation: Your spells are much harder to cast, but
                  | much more powerful. [Jiyva's grace]
 36955 | D:15     | Gained mutation: You have a small jelly attached to you
                  | that senses nearby items. [Jiyva's grace]
 37271 | Depths:1 | Entered Level 1 of the Depths
 37271 | Depths:1 | Found a one-way gate to the infinite horrors of the Abyss.
 37375 | Depths:1 | Noticed Sojobo
 37425 | Depths:1 | Killed Sojobo
 37469 | Depths:1 | Found Viteniut's Jewellery Boutique.
 37514 | Depths:1 | Found Yherphets's Assorted Antiques.
 37516 | Depths:1 | Found Cuoxko's CLEARANCE SALE!.
 37523 | Depths:1 | Found Futeitue's General Store.
 37529 | Depths:1 | Bought a potion of might for 64 gold pieces
 37529 | Depths:1 | Bought 5 silver boomerangs for 120 gold pieces
 37615 | Depths:1 | Bought a scroll of poison for 20 gold pieces
 37619 | Depths:1 | Found Catoerr's Jewellery Emporium.
 37653 | Depths:1 | Found Fueroo's Weapon Shoppe.
 37712 | Depths:1 | Found a shimmering altar of Xom.
 37762 | Depths:1 | Found a one-way gateway to a ziggurat.
 37852 | Depths:1 | Found a gateway to Hell.
 38107 | Depths:2 | Paralysed by an air elemental for 1 turns
 38113 | Depths:2 | Paralysed by an air elemental for 1 turns
 38118 | Depths:2 | Paralysed by an air elemental for 1 turns
 38137 | Depths:2 | Paralysed by an air elemental for 1 turns
 38318 | Depths:2 | Got Zaafagoo's Exposition on Altered Geology
 38324 | Depths:2 | Identified the ring "Naitrow" {rPois rN++ Int+6}
 38394 | Depths:2 | Found a one-way gate leading to the halls of Pandemonium.
 38435 | Depths:2 | Found the amulet of Vitality {RegenMP++ Regen++}
 38545 | Depths:2 | Identified the +2 lajatang of Slime {drain, Contam rC+
                  | Int+2 Dex+2}
 38597 | Depths:2 | Identified the +6 short sword of Ifyat {drain, *Noise rPois
                  | rC+}
 38780 | Depths:2 | Paralysed by an air elemental for 1 turns
 38787 | Depths:2 | Paralysed by an air elemental for 1 turns
 38805 | Depths:2 | You are sucked into a shaft and drop 2 floors!
 38805 | Depths:4 | Entered Level 4 of the Depths
 38809 | Depths:4 | Noticed a caustic shrike
 38818 | Depths:4 | Noticed a caustic shrike
 38819 | Depths:4 | Noticed a caustic shrike
 38823 | Depths:4 | Killed a caustic shrike
 38823 | Depths:4 | Noticed a caustic shrike
 38835 | Depths:4 | Noticed a juggernaut
 38971 | Depths:2 | Paralysed by an air elemental for 1 turns
 39160 | Depths:3 | Reached skill level 24 in Fighting
 39292 | Depths:3 | Paralysed by a vampire knight for 4 turns
 39341 | Depths:3 | Found Virue's Weapon Emporium.
 39435 | Depths:3 | Lost mutation: You are mostly covered in iridescent scales.
                  | (AC +4) [Jiyva's grace]
 39435 | Depths:3 | Lost mutation: You passively map a small area around you.
                  | [Jiyva's grace]
 39435 | Depths:3 | Lost mutation: Your spells are much harder to cast, but
                  | much more powerful. [Jiyva's grace]
 39435 | Depths:3 | Lost mutation: Your body is covered in eyes which may
                  | confuse attackers. (Acc +7, SInv) [Jiyva's grace]
 39435 | Depths:3 | Lost mutation: Your pliable body absorbs attacks. (AC +2,
                  | EV +2) [Jiyva's grace]
 39435 | Depths:3 | Gained mutation: Your flesh is cold resistant. (rC+)
                  | [Jiyva's grace]
 39435 | Depths:3 | Gained mutation: Your flesh is very cold resistant. (rC++)
                  | [Jiyva's grace]
 39435 | Depths:3 | Gained mutation: Your flesh is almost immune to the effects
                  | of cold. (rC+++) [Jiyva's grace]
 39435 | Depths:3 | Gained mutation: Your translucent skin slightly reduces
                  | your foes' accuracy. (Stealth+) [Jiyva's grace]
 39522 | Depths:3 | Reached XP level 24. HP: 110/173 MP: 25/39
 39827 | Depths:3 | Found a radiant altar of Vehumet.
 40068 | Depths:3 | Noticed a caustic shrike
 40080 | Depths:3 | Killed a caustic shrike
 40086 | Depths:3 | Noticed a caustic shrike
 40089 | Depths:3 | Noticed a caustic shrike
 40091 | Depths:3 | Noticed a caustic shrike
 40102 | Depths:3 | Killed a caustic shrike
 40104 | Depths:3 | Killed a caustic shrike
 40105 | Depths:3 | Killed a caustic shrike
 40461 | Depths:3 | Identified the +3 trident of Midsummer {vorpal, Dex+3}
 40608 | Depths:4 | Noticed Roucay's ghost (adept DgCj)
 40608 | Depths:4 | Found a runed translucent gate.
 40608 | Depths:4 | Found a runed translucent gate.
 40608 | Depths:4 | Found a runed translucent gate.
 40691 | Depths:3 | Killed Roucay's ghost
 40706 | Depths:3 | Gained mutation: You sometimes lose your temper in combat.
                  | [a cacodemon]
 40782 | Depths:4 | Identified the +4 pair of boots of Wu Jian's Regard {Str+8
                  | Stlth+}
 40837 | Depths:4 | Found an opulent altar of Gozag.
 40914 | Depths:4 | Reached skill level 25 in Fighting
 40944 | Depths:4 | Lost mutation: You are agile. (Dex +4, Str/Int -1) [potion
                  | of mutation]
 40944 | Depths:4 | Lost mutation: You have a pair of antennae on your head.
                  | [potion of mutation]
 40944 | Depths:4 | Gained mutation: Your movements are slightly less
                  | encumbered by armour. (ER -2) [potion of mutation]
 40945 | Depths:4 | Lost mutation: You sometimes lose your temper in combat.
                  | [potion of mutation]
 40945 | Depths:4 | Lost mutation: Your rubbery body absorbs attacks. (AC +1,
                  | EV +1) [potion of mutation]
 40945 | Depths:4 | Lost mutation: You have a small jelly attached to you that
                  | senses nearby items. [potion of mutation]
 40945 | Depths:4 | Lost mutation: You have a pair of small antennae on your
                  | head. [potion of mutation]
 41202 | Depths:4 | Identified the +1 chain mail of Follow the Leader {Harm
                  | rElec rC- Stlth+}
 41245 | Depths:4 | Killed a juggernaut
 41277 | Depths:4 | Found a gate to the Realm of Zot.
 41448 | Depths:4 | Noticed a caustic shrike
 41450 | Depths:4 | Noticed a caustic shrike
 41450 | Depths:4 | Noticed a caustic shrike
 41451 | Depths:4 | Noticed a caustic shrike
 41452 | Depths:4 | Noticed a caustic shrike
 41456 | Depths:4 | Killed a caustic shrike
 41466 | Depths:4 | Killed a caustic shrike
 41469 | Depths:4 | Killed a caustic shrike
 41471 | Depths:4 | Killed a caustic shrike
 41474 | Depths:4 | Killed a caustic shrike
 41709 | Depths:4 | Reached XP level 25. HP: 182/182 MP: 39/39
 41770 | Depths:4 | Reached skill level 5 in Dodging
 42015 | Zot:1    | Entered Level 1 of the Realm of Zot
 42629 | Zot:1    | Lost mutation: You are partially covered in iridescent
                  | scales. (AC +2) [Jiyva's grace]
 42629 | Zot:1    | Lost mutation: Your flesh is almost immune to the effects
                  | of cold. (rC+++) [Jiyva's grace]
 42629 | Zot:1    | Lost mutation: Your spells are harder to cast, but more
                  | powerful. [Jiyva's grace]
 42629 | Zot:1    | Gained mutation: You have a small jelly attached to you
                  | that may absorb projectiles. [Jiyva's grace]
 42629 | Zot:1    | Gained mutation: You expend magic power (3 MP) to
                  | strengthen your wands. [Jiyva's grace]
 42629 | Zot:1    | Gained mutation: Your natural rate of healing is unusually
                  | fast. [Jiyva's grace]
 42629 | Zot:1    | Gained mutation: You heal very quickly. [Jiyva's grace]
 42908 | Zot:2    | Identified the +8 hand axe of Psychosis {vorpal, rF+}
 43268 | Zot:2    | Reached skill level 26 in Fighting
 44348 | Zot:3    | Identified the +5 double sword of Wounding {vorpal, rElec
                  | Int-5 Dex+2}
 44368 | Zot:3    | Identified the +10 double sword "Uzxider" {flame, Fragile
                  | rPois Int+7}
 44376 | Zot:3    | Reached XP level 26. HP: 184/192 MP: 37/39
 44824 | Zot:5    | Entered Level 5 of the Realm of Zot
 44858 | Zot:5    | Identified the +2 pair of boots "Goqin" {*Slow rPois rN+++
                  | Int+4}
 44992 | Zot:4    | Acquired 989 gold pieces
 45115 | Zot:4    | Lost mutation: Your spells are a little harder to cast, but
                  | a little more powerful. [Jiyva's grace]
 45115 | Zot:4    | Lost mutation: Your body has grown many eyes which may
                  | confuse attackers. (Acc +5) [Jiyva's grace]
 45115 | Zot:4    | Gained mutation: Armour fits poorly on your pseudopods.
                  | [Jiyva's grace]
 45115 | Zot:4    | Gained mutation: Armour fits poorly on your large
                  | pseudopods. [Jiyva's grace]
 45115 | Zot:4    | Gained mutation: Armour fits poorly on your massive
                  | pseudopods. [Jiyva's grace]
 45115 | Zot:4    | Gained mutation: Your translucent skin reduces your foes'
                  | accuracy. (Stealth+) [Jiyva's grace]
 45582 | Zot:5    | Acquired the +9 heavy crossbow "Sniper" {vorpal, Acc+∞
                  | SInv}
 45582 | Zot:5    | Found the +9 heavy crossbow "Sniper" {vorpal, Acc+∞ SInv}
 45668 | Zot:5    | Noticed an orb of fire
 45674 | Zot:5    | Lost mutation: Your translucent skin reduces your foes'
                  | accuracy. (Stealth+) [an orb of fire]
 45675 | Zot:5    | Gained mutation: You are dopey. (Int -2) [an orb of fire]
 45678 | Zot:5    | Lost mutation: You heal very quickly. [an orb of fire]
 45681 | Zot:5    | Gained mutation: Armour fits poorly on your strangely
                  | shaped body. [an orb of fire]
 45683 | Zot:5    | Killed an orb of fire
 45788 | Zot:5    | Noticed a dread lich
 45792 | Zot:5    | Killed a dread lich
 45792 | Zot:5    | Noticed a Killer Klown
 45792 | Zot:5    | Noticed a Killer Klown
 45819 | Zot:5    | Killed a Killer Klown
 45819 | Zot:5    | Noticed a Killer Klown
 45823 | Zot:5    | Killed a Killer Klown
 45823 | Zot:5    | Noticed an orb of fire
 45826 | Zot:5    | Noticed an ancient lich
 45828 | Zot:5    | Killed a Killer Klown
 45843 | Zot:5    | Killed an orb of fire
 45844 | Zot:5    | Reached skill level 27 in Fighting
 45852 | Zot:5    | Killed an ancient lich
 45883 | Zot:5    | Noticed a Killer Klown
 45883 | Zot:5    | Noticed a dread lich
 45894 | Zot:5    | Paralysed by a dread lich for 5 turns
 45907 | Zot:5    | Killed a dread lich
 45909 | Zot:5    | Noticed a dread lich
 45921 | Zot:5    | Noticed a dread lich
 45922 | Zot:5    | Noticed an ancient lich
 45924 | Zot:5    | Paralysed by something for 2 turns
 45951 | Zot:5    | Killed an ancient lich
 45953 | Zot:5    | Killed a dread lich
 46043 | Zot:5    | Noticed an orb of fire
 46051 | Zot:5    | Gained mutation: You have hidden genetic defects. [an orb
                  | of fire]
 46052 | Zot:5    | Lost mutation: You expend magic power (3 MP) to strengthen
                  | your wands. [an orb of fire]
 46052 | Zot:5    | Noticed a dread lich
 46055 | Zot:5    | Killed an orb of fire
 46056 | Zot:5    | Noticed an orb of fire
 46057 | Zot:5    | Paralysed by something for 5 turns
 46060 | Zot:5    | Noticed an ancient lich
 46061 | Zot:5    | Noticed an orb of fire
 46064 | Zot:5    | Noticed a Killer Klown
 46071 | Zot:5    | Lost mutation: Your muscles are very strong. (Str +8,
                  | Int/Dex -2) [an orb of fire]
 46073 | Zot:5    | Gained mutation: Your body sometimes deteriorates upon
                  | taking damage. [an orb of fire]
 46076 | Zot:5    | Killed an orb of fire
 46078 | Zot:5    | Lost mutation: Your muscles are strong. (Str +4, Int/Dex
                  | -1) [an orb of fire]
 46082 | Zot:5    | Killed an orb of fire
 46083 | Zot:5    | Killed an ancient lich
 46088 | Zot:5    | Noticed a dread lich
 46102 | Zot:5    | Killed a dread lich
 46104 | Zot:5    | Killed a Killer Klown
 46109 | Zot:5    | Killed a dread lich
 46113 | Zot:5    | Killed a Killer Klown
 46121 | Zot:5    | Noticed an ancient lich
 46122 | Zot:5    | Killed a dread lich
 46128 | Zot:5    | Killed an ancient lich
 46146 | Zot:5    | Gained mutation: You occasionally shout uncontrollably at
                  | your foes. [hidden defects]
 46148 | Zot:5    | Noticed a dread lich
 46158 | Zot:5    | Killed a dread lich
 46165 | Zot:5    | Reached XP level 27. HP: 199/199 MP: 37/39
 46365 | Zot:5    | Got the Orb of Zot
 46531 | Zot:3    | Noticed a seraph
 46568 | Zot:2    | Gained mutation: You are weak. (Str -2) [hidden defects]
 46568 | Zot:2    | Lost mutation: You have hidden genetic defects. [hidden
                  | defects expressed]
 46886 | D:8      | Noticed Faton the pandemonium lord
 47042 | D:$      | Escaped with the Orb!

Illustrated notes

Levels and vault maps discovered:
D:1:      elethiomel_arrival_quiet, layout_basic
D:2:      layout_loops_ring, roderic_roman_lattice
D:3:      layout_rooms, nicolae_kikubaaqudgha_miasma_corner
D:4:      layout_loops_ring, moated_statue
D:5:      layout_loops_ring, grunt_decor_mini_mirrors, st_stairs_14
D:6:      layout_layer_cave, lemuel_coloured_pillars_altar,
          portal_sewer_entry_a, uniq_maggie, uniq_sigmund, uniq_duvessa
D:7:      layout_loops_ring, minmay_temple_entry_wispy, serial_park_tiny_2,
          lightli_church_of_beogh
D:8:      layout_loops_ring, enter_bailey_8, uniq_psyche
D:9:      layout_loops_ring, mainiacjoe_overflow_catwalk_spiral
D:10:     layout_loops_ring, mainiacjoe_overflow_paths,
          minmay_overflow_temple_star_quad, lair_entry_dummy, serial_shops,
          nicolae_shop_behind_doors, minmay_variable_closet,
          introduction_to_nature_2
D:11:     layout_roguey, uniq_grum
D:12:     hangedman_arrow_trap, layout_grid_maze, minmay_orc_entry_temple_small,
          gauntlet_entry_generic, uniq_kirke
D:13:     layout_basic, serial_bayou, serial_bayou_shore_a, serial_bayou_pond_c,
          serial_bayou_pond_c, serial_bayou_pond_d, roderic_batcave
D:14:     layout_basic, david_vaults_3, okawaru_ov_weapons_minmay
D:15:     gammafunk_depths_entry_grave, layout_long_grid, nrook_mini_backslash,
          minmay_crystal_room
Lair:1:   layout_gridlike, lemuel_fruit_fields, infiniplex_staircase_pool_2
Lair:2:   layout_gridlike, grunt_megastairs_3
Lair:3:   layout_misc_corridors, elwin_shoals_entry_stream,
          spider_nest_entry_funnel_web
Lair:4:   layout_gridlike
Lair:5:   minmay_lair_end_enchanted_forest, layout_regular_city,
          minmay_slime_entry_pillars, st_stairs_10,
          chequers_serial_rivers_room_b, minmay_lair_oklob_items,
          lemuel_fruit_tree, uniq_sonja
Shoals:1: layout_shoals, serial_shops, nicolae_shop_statue_plus
Shoals:2: layout_shoals, nicolae_shoals_nymph_descending_staircase
Shoals:3: argonaut_golden_fleece, layout_shoals,
          nicolae_shoals_water_elemental_grotto
Shoals:4: shoals_end_grunt_ice, layout_shoals, uniq_mara
Spider:1: layout_cave_pods
Spider:2: layout_spider_delve
Spider:3: layout_chambers, nicolae_spider_stair_cavern
Spider:4: spider_rune_water
Slime:1:  layout_caves
Slime:2:  layout_caves
Slime:3:  layout_caves, cheibrodos_slime_lost_civilization_5
Slime:4:  layout_caves
Slime:5
Orc:1:    layout_caves, serial_shops, nicolae_square_shop, basic_altar,
          hellmonk_bongcloud_opening, nooodl_orcs_dogs
Orc:2:    pubby_orc_utopia, uniq_snorg
Elf:1:    layout_gridlike, hangedman_elf_represent, hangedman_decor_cross_pass,
          lemuel_upstairs_altar, uniq_aizul
Elf:2:    elven_hall_of_blades_hangedman_original [mumra_blade_entry_dagger],
          layout_loops_cross, portal_ice_cave_entry_ice_statue_one, st_stairs_1,
          uniq_saint_roka
Elf:3:    grunt_elf_hall_spiral, layout_geoelf_octagon,
          nicolae_elf_big_sculpture_3, nicolae_elf_altarnating
Vaults:1: vaults_room_semicircle, v_misc_4, nicolae_vaults_network_quincunx
          [nicolae_vaults_network_quincunx_subvault,
          nicolae_vaults_network_quincunx_subvault,
          nicolae_vaults_network_quincunx_subvault,
          nicolae_vaults_network_quincunx_subvault,
          nicolae_vaults_network_quincunx_subvault], v_misc_25,
          nicolae_vaults_network_star, vaults_mumra_lcd, v_misc_30,
          vaults_room_semicircle, vaults_room_stairs_pillars, st_cross,
          v_misc_11, ontoclasm_vaults_ring_small, nicolae_vaults_rhombus_5,
          nicolae_vaults_mini_display_case, nicolae_vaults_little_squares_3,
          layout_vaults_omnibox
Vaults:2: hangedman_vaults_stretched_pinwheel, nicolae_vaults_display_case,
          hangedman_vaults_corner_blocks, vaults_mumra_chevron_long,
          nicolae_vaults_three_branches, nicolae_vaults_ring_of_whatevers,
          layout_vaults_quadrants, serial_shops, bzr_entry_customers
Vaults:3: v_pattern_3, vaults_room_door_hall,
          minmay_crypt_entry_skeletal_spiral, nicolae_vaults_big_angled_halls,
          vaults_dpeg_cross, v_misc_5, hangedman_vaults_cutoff, v_alt_pattern_4,
          hangedman_vaults_nails, v_misc_29, layout_vaults_omnicross,
          serial_shops, shop, uniq_boris
Vaults:4: v_misc_3, nicolae_vaults_specimen_jars,
          nicolae_vaults_network_barrier, vaults_room_semicircle,
          ontoclasm_vaults_decontamination, vaults_dpeg_diagonal,
          hangedman_vaults_corner_blocks, v_pattern_5,
          nicolae_vaults_bisected_exclaves, vaults_room_hallway,
          vaults_room_corners, layout_vaults_chaotic_city
Vaults:5
Depths:1: layout_cave_pools, enter_ziggurat_b, hell_entry, xom_teletrap_fun,
          abyss_entry, serial_shops, nicolae_shop_hallway_plus,
          nicolae_lakefront_shop, shop, nicolae_shop_crystal,
          nicolae_shop_bloodbath_and_beyond, nicolae_shop_clearance, uniq_sojobo
Depths:2: radiant_caverns_b_rkd, hell_entry, pan_entry
Depths:3: hangedman_grunt_twisty_little_passages, layout_basic,
          hangedman_coc_ice_floe, serial_shops, nicolae_square_shop,
          abyss_entry, nicolae_vehumet_altar_sigil
Depths:4: evilmike_zot_entry_argh, layout_gridlike, hell_entry,
          biasface_ghost_demon_polymorph, dk_noncrumbling_2, grunt_gozag_statues
Zot:1:    layout_concentric_octagons
Zot:2:    nicolae_zot_stationary_front, layout_basic, st_stairs_12
Zot:3:    layout_onion_interference, nicolae_rock_paper_scissors
Zot:4:    layout_basic, lemuel_elevator
Zot:5:    layout_misc_corridors, bh_zot_levy_curve

Skill      XL: |  1  2  3  4  5  6  7  8  9 10 11 12 13 14 15 16 17 18 19 20 21 22 23 24 25 26 27 |
---------------+----------------------------------------------------------------------------------+-----
Armour         | 1 2 3 4 5 7 10 12 14 16 17 18 19 20 21 22 23 24 25 | 25.2
Fighting       | 4 5 6 7 9 11 12 13 14 15 16 17 18 19 20 21 22 23 24 25 26 27 | 27.0
Maces & Flails | 4 5 6 7 8 9 11 12 13 14 15 16 17 18 19 | 19.9
Dodging        | 3 4 6 8 9 |  9.3
Spellcasting   | 1 2 4 5 6 7 8 9 10 11 12 | 12.2
Axes           | 2 |  2.6
Ranged Weapons | 2 5 7 9 11 12 13 14 15 16 18 19 20 21 22 23 24 | 24.3
Polearms       | 1 2 |  2.4
Stealth        | |  2.1

Action                   |  1- 3 |  4- 6 |  7- 9 | 10-12 | 13-15 | 16-18 | 19-21 | 22-24 | 25-27 || total
-------------------------+-------+-------+-------+-------+-------+-------+-------+-------+-------++-------
Melee: Mace              |   126 |   160 |   154 |   129 |       |       |       |       |       ||   569
       Punch             |     2 |     2 |     4 |     6 |    22 |     8 |       |       |       ||    44
       Flail             |       |       |   151 |   441 |   987 |   335 |       |       |       ||  1914
       Bite              |       |       |    21 |    79 |   169 |   149 |     1 |       |       ||   419
       Pseudopods        |       |       |       |    63 |   269 |   241 |     4 |       |    82 ||   659
       Headbutt          |       |       |       |       |   196 |   159 |   147 |       |       ||   502
       Arbalest          |       |       |       |       |     1 |       |       |       |       ||     1
       Great mace        |       |       |       |       |       |   479 |   989 |  1045 |   706 ||  3219
       Kick              |       |       |       |       |       |   149 |   215 |       |       ||   364
       Peck              |       |       |       |       |       |       |    61 |   350 |   252 ||   663
 Fire: Arbalest          |       |       |       |     9 |    58 |   249 |   639 |   575 |   179 ||  1709
       Heavy crossbow    |       |       |       |       |       |       |       |       |    69 ||    69
Throw: Dart              |     1 |    10 |    29 |    30 |     5 |     5 |       |       |       ||    80
       Boomerang         |       |       |       |     1 |       |       |       |       |       ||     1
Invok: Oozemancy         |       |       |     4 |     2 |       |       |     4 |     4 |     5 ||    19
       Slimify           |       |       |       |       |       |       |     5 |       |       ||     5
Evoke: Wand              |       |       |       |       |       |       |       |     3 |       ||     3
  Use: Scroll            |     3 |     1 |       |     5 |    13 |    11 |    20 |     6 |     6 ||    65
       Potion            |       |       |     2 |       |     1 |     5 |    12 |     5 |     7 ||    32
 Stab: Sleeping          |     1 |       |     1 |     3 |     5 |       |       |       |       ||    10
       Confused          |       |       |     6 |    13 |    31 |    28 |     1 |    26 |    14 ||   119
       Distracted        |       |       |       |       |     1 |     1 |       |     3 |     1 ||     6
Armor: Scale mail        |    62 |    65 |    50 |       |       |       |       |       |       ||   177
       Robe              |     4 |       |       |       |       |       |       |       |       ||     4
       Leather armour    |       |       |     5 |       |       |       |       |       |       ||     5
       Steam dragon scal |       |       |     5 |       |       |       |       |       |       ||     5
       Ring mail         |       |       |    57 |   210 |   762 |   285 |       |       |       ||  1314
       Gold dragon scale |       |       |       |       |       |   582 |  1382 |  1001 |   922 ||  3887
Dodge: Dodged            |    64 |    84 |   158 |   232 |   644 |   437 |   851 |   563 |   479 ||  3512
Block: Other             |       |       |    30 |   144 |    71 |    53 |    14 |       |       ||   312
